 Dungeon Crawl Stone Soup version 0.18.1-1-g2f07953 (webtiles) character file.

15236 Eucla the Basher (level 11, -7/117 HPs)
             Began as a Troll Monk on May 8, 2016.
             Was the Champion of Okawaru.
             Mangled by a torpor snail (16 damage)
             ... on level 3 of the Lair of Beasts.
             The game lasted 00:15:51 (8775 turns).

Eucla the Basher (Troll Monk)                       Turns: 8775, Time: 00:15:51

Health: -7/117     AC: 11    Str: 21    XL:     11   Next: 99%
Magic:  19/19      EV: 12    Int: 10    God:    Okawaru [******]
Gold:   327        SH:  0    Dex: 22    Spells: 0 memorised, 10 levels left

rFire  . . .     SeeInvis .     M - +4 giant spiked club of Resourcefulness {freeze, rElec}
rCold  . . .     Gourm    +     a - +0 robe
rNeg   . . .     Faith    +     (shield currently unavailable)
rPois  +         Spirit   .     y - +1 hat of Satisfaction {-Tele Int+4 Dex+7}
rElec  +         Dismiss  .     O - +0 cloak {rPois}
rCorr  .         Reflect  .     (gloves unavailable)
SustAt .         Harm     .     (boots unavailable)
MR     .....     NoTele   +     k - amulet of faith
Stlth  ++........               o - ring of magical power
                                l - +4 ring of protection

@: slowed, very slow, not resistant to hostile enchantments, unstealthy
A: unfitting armour, claws 3, fast metabolism 3, gourmand, regeneration 2,
shaggy fur 1, tough skin 2
a: Heroism, Finesse, Renounce Religion


You were on level 3 of the Lair of Beasts.
You worshipped Okawaru.
Okawaru was exalted by your worship.
You were full.

You visited 2 branches of the dungeon, and saw 10 of its levels.
You also visited: Labyrinth and Sewer.

You collected 495 gold pieces.
You spent 168 gold pieces at shops.

Inventory:

Hand Weapons
 q - the +8 flail of Bloody Death {flame, MR- Int+7}
   (You found it on level 4 of the Dungeon)

   It has been specially enchanted to burn those struck by it, causing extra
   injury to most foes and up to half again as much damage against particularly
   susceptible opponents.
   It affects your intelligence (+7).
   It affects your resistance to hostile enchantments.
 u - a +1 giant club
 M - the +4 giant spiked club of Resourcefulness (weapon) {freeze, rElec}
   (Okawaru gifted it to you on level 2 of the Lair of Beasts)

   It has been specially enchanted to freeze those struck by it, causing extra
   injury to most foes and up to half again as much damage against particularly
   susceptible opponents.
   It can also slow down cold-blooded creatures.
   It insulates you from electricity.
Missiles
 j - 4 large rocks (quivered)
Armour
 a - a +0 robe (worn)
 y - the +1 hat of Satisfaction (worn) {-Tele Int+4 Dex+7}
   (Okawaru gifted it to you on level 1 of the Lair of Beasts)

   It affects your intelligence (+4).
   It affects your dexterity (+7).
   It prevents most forms of teleportation.
 A - a +1 cloak
 O - a +0 cloak of poison resistance (worn)
Jewellery
 e - an uncursed ring of poison resistance
 k - an amulet of faith (around neck)
 l - a +4 ring of protection (left claw)
 o - a ring of magical power (right claw)
 x - an uncursed ring of fire
 E - an uncursed ring of resist corrosion
 K - an uncursed ring of protection from magic
Wands
 t - a wand of lightning (11/15)
 v - a wand of teleportation (4/9)
 B - a wand of heal wounds (3/9)
 F - a wand of flame (22/48)
 I - a wand of acid (9/15)
 L - a wand of disintegration (13/24)
Scrolls
 c - a scroll of fear
 d - 2 scrolls of fog
 f - 7 scrolls of remove curse
 g - 3 scrolls of teleportation
 z - a scroll of vulnerability {unknown}
 H - a scroll of blinking
 J - a scroll of magic mapping
 P - a scroll of identify
Potions
 i - a potion of curing
 m - a potion of resistance
 n - 3 potions of agility
 p - 3 potions of magic
 r - a potion of lignification {unknown}
 s - 3 potions of heal wounds {unknown}
 w - a potion of ambrosia
 C - a potion of might {unknown}
 D - a potion of flight {unknown}
Miscellaneous
 G - an ornate deck of summoning {drawn: 3}
Comestibles
 b - 6 bread rations
 h - 2 meat rations


   Skills:
 + Level 9.9 Fighting
 * Level 13.7 Maces & Flails
 - Level 1.4 Armour
 - Level 3.1 Dodging
 - Level 1.1 Stealth
 - Level 4.6 Unarmed Combat


You had 10 spell levels left.
You didn't know any spells.

Dungeon Overview and Level Annotations

Branches:
Dungeon (8/15)               Lair (3/8) D:8
 Temple: D:4-7        Swamp: Lair:3-6    Shoals: Lair:3-6     Snake: Lair:3-6
 Spider: Lair:3-6

Altars:
Ashenzari
Cheibriados
Elyvilon
Gozag
Nemelex Xobeh
Okawaru
Pakellas
Xom

Shops:
D:5 !   D:8 %


Innate Abilities, Weirdness & Mutations

You are too large for most types of armour.
You have claws for hands.
Your metabolism is lightning-fast.
You like to eat raw meat.
You heal very quickly.
You are covered in fur (AC +1).
You have very tough skin (AC +2).


Message History

The death yak is severely wounded.
The giant frog hits you.
* * * LOW HITPOINT WARNING * * *
The giant frog barely misses you. The death yak gores you!
* * * LOW HITPOINT WARNING * * *
The torpor snail bites you!
* * * LOW HITPOINT WARNING * * *
The giant frog barely misses you. The death yak gores you!
* * * LOW HITPOINT WARNING * * *
Unknown command.
Evoke which item? (* to show all) (? for menu, Esc to quit)
Zapping:
B - a wand of heal wounds (4/9)
Press: ? - help, Shift-Dir - straight line, f - you You feel much better.
This wand has 3 charges left.
The giant frog barely misses you. The giant frog completely misses you.
The torpor snail bites you!
* * * LOW HITPOINT WARNING * * *
The death yak barely misses you. The giant frog misses you.
The torpor snail bites you!
You die...

.####P.....
..........#
..........##
...........
.......>..##
#P........#
# +....F##
....#...Y@.#
P...P....w##
..........#
P.........#
#..........#
..........##
....#.....#
#..#......#
..........#


You could see a death yak, a torpor snail and a giant frog.

Vanquished Creatures
  A minotaur (Lab)
  A queen ant (Lair:2)
  A death yak (Lair:3)
  A rime drake (Lair:2)
  6 spiny frogs
  3 komodo dragons (Lair:2)
  A minotaur zombie (Lab)
  8 blink frogs (Lair:2)
  The ghost of abeheron the Covered, an amateur HOFi (Sewer)
  17 yaks
  5 porcupines
  10 soldier ants (Lair:2)
  9 water moccasins
  An ice beast (D:6)
  An orc warrior (D:8)
  2 ogres
  7 crocodiles
  5 giant frogs
  A scorpion (D:6)
  3 killer bees (D:8)
  5 wights (D:8)
  A howler monkey (D:8)
  4 crimson imps
  A centaur zombie (D:5)
  A giant frog zombie (D:5)
  A hound (D:5)
  2 orc priests (D:8)
  An orc wizard (D:3)
  3 iguanas
  40 worker ants
  11 sheep
  A river rat (D:8)
  13 adders
  A shadow imp (D:5)
  An ooze (D:4)
  An adder zombie (D:5)
  2 adder skeletons
  6 worms
  4 giant geckos
  10 orcs
  5 ball pythons
  3 giant cockroaches
  3 hobgoblins
  12 jackals
  11 kobolds
  A quokka (D:5)
  16 bats
  A giant gecko skeleton (D:5)
  4 giant newts
  7 goblins
  A jackal zombie (D:5)
  A quokka skeleton (D:6)
  20 rats
  A fungus (D:8)
279 creatures vanquished.

Vanquished Creatures (collateral kills)
  A hydra (Lair:1)
1 creature vanquished.

Vanquished Creatures (others)
  3 plants
3 creatures vanquished.

Grand Total: 283 creatures vanquished

Notes
Turn   | Place    | Note
--------------------------------------------------------------
     0 | D:1      | Eucla the Troll Monk began the quest for the Orb.
     0 | D:1      | Reached XP level 1. HP: 22/22 MP: 0/0
   481 | D:1      | Reached XP level 2. HP: 29/29 MP: 1/1
   635 | D:2      | Found an iron altar of Okawaru.
   646 | D:2      | Became a worshipper of Warmaster Okawaru
   646 | D:2      | Reached * piety under Okawaru
   646 | D:2      | Reached ** piety under Okawaru
   721 | D:2      | Reached XP level 3. HP: 34/36 MP: 2/2
  1333 | D:3      | Reached XP level 4. HP: 45/45 MP: 3/3
  1406 | D:3      | Reached skill level 1 in Armour
  1549 | D:3      | Found an opulent altar of Gozag.
  1914 | D:3      | Found a white marble altar of Elyvilon.
  1919 | D:3      | Found a snail-covered altar of Cheibriados.
  2110 | D:3      | Reached XP level 5. HP: 53/53 MP: 4/4
  2223 | D:4      | Got a brightly glowing flail
  2224 | D:4      | Identified the +8 flail of Bloody Death {flame, MR- Int+7} (You found it on level 4 of the Dungeon)
  2427 | D:4      | Noticed an ogre
  2433 | D:4      | Killed an ogre
  2433 | D:4      | Reached skill level 2 in Maces & Flails
  2735 | D:5      | Entered Level 5 of the Dungeon
  2810 | D:5      | Noticed a yak
  2810 | D:5      | Noticed a yak
  2813 | D:5      | Noticed a yak
  2816 | D:5      | Killed a yak
  2816 | D:5      | Reached *** piety under Okawaru
  2816 | D:5      | Reached skill level 3 in Maces & Flails
  2816 | D:5      | Reached XP level 6. HP: 43/62 MP: 5/5
  2821 | D:5      | Killed a yak
  2821 | D:5      | Reached XP level 7. HP: 32/70 MP: 6/6
  2831 | D:5      | Killed a yak
  2831 | D:5      | Reached skill level 4 in Maces & Flails
  2837 | D:5      | Found Nokamun's Distillery.
  3049 | D:5      | Bought 2 potions of agility for 96 gold pieces
  3049 | D:5      | Bought 2 potions of curing for 72 gold pieces
  3282 | D:5      | Reached skill level 5 in Maces & Flails
  3818 | D:6      | Reached skill level 5 in Fighting
  3855 | D:6      | Received a gift from Okawaru
  3855 | D:6      | Reached XP level 8. HP: 45/80 MP: 7/7
  3891 | D:6      | Found a glowing drain.
  3901 | Sewer    | Entered a sewer
  4045 | Sewer    | Reached skill level 6 in Maces & Flails
  4203 | Sewer    | Noticed abeheron's ghost (amateur HOFi)
  4218 | Sewer    | Killed abeheron's ghost
  4560 | D:6      | You fall through a shaft for 2 floors!
  4560 | D:8      | Found a shimmering altar of Xom.
  4560 | D:8      | Found an oddly glowing altar of Pakellas.
  4560 | D:8      | Found a sparkling altar of Nemelex Xobeh.
  4729 | D:8      | Found Zicosh's Food Shop.
  4761 | D:8      | Reached **** piety under Okawaru
  4770 | D:8      | Reached skill level 7 in Maces & Flails
  5121 | D:8      | Reached XP level 9. HP: 73/89 MP: 8/8
  5201 | D:8      | Reached skill level 8 in Maces & Flails
  5227 | D:8      | Found a shattered altar of Ashenzari.
  5264 | D:8      | Found a staircase to the Lair.
  5503 | Lair:1   | Entered Level 1 of the Lair of Beasts
  5568 | Lair:1   | Reached ***** piety under Okawaru
  5583 | Lair:1   | Reached skill level 9 in Maces & Flails
  5678 | Lair:1   | Received a gift from Okawaru
  5696 | Lair:1   | Got a twisted hat {god gift}
  5702 | Lair:1   | Identified the +1 hat of Satisfaction {-Tele Int+4 Dex+7} (Okawaru gifted it to you on level 1 of the Lair of Beasts)
  5859 | Lair:1   | Reached skill level 10 in Maces & Flails
  5859 | Lair:1   | Reached XP level 10. HP: 102/102 MP: 9/9
  5972 | Lair:1   | Found a labyrinth entrance.
  5984 | Lab      | Entered a labyrinth
  6276 | Lab      | Noticed a minotaur
  6286 | Lab      | Killed a minotaur
  6529 | Lair:1   | Noticed a six-headed hydra
  6587 | Lair:1   | Killed a six-headed hydra
  6806 | Lair:1   | Noticed a spiny frog
  6815 | Lair:1   | Killed a spiny frog
  6815 | Lair:1   | Reached skill level 11 in Maces & Flails
  7021 | Lair:2   | Noticed a spiny frog
  7029 | Lair:2   | Killed a spiny frog
  7331 | Lair:2   | Received a gift from Okawaru
  7428 | Lair:2   | Noticed a spiny frog
  7435 | Lair:2   | Killed a spiny frog
  7435 | Lair:2   | Reached XP level 11. HP: 79/113 MP: 10/10
  7460 | Lair:2   | Noticed a queen ant
  7486 | Lair:2   | Killed a queen ant
  7486 | Lair:2   | Reached skill level 12 in Maces & Flails
  7578 | Lair:2   | Reached ****** piety under Okawaru
  7661 | Lair:2   | Received a gift from Okawaru
  7684 | Lair:2   | Got a translucent giant spiked club {god gift}
  7686 | Lair:2   | Identified the +4 giant spiked club of Resourcefulness {freeze, rElec} (Okawaru gifted it to you on level 2 of the Lair of Beasts)
  8026 | Lair:2   | Reached skill level 13 in Maces & Flails
  8069 | Lair:2   | Received a gift from Okawaru
  8760 | Lair:3   | Noticed a death yak
  8767 | Lair:3   | Noticed a death yak
  8769 | Lair:3   | Killed a death yak
  8774 | Lair:3   | HP: 1/117 [death yak[a torpor snail] (13)]
  8775 | Lair:3   | Mangled by a torpor snail

Skill      XL: |  1  2  3  4  5  6  7  8  9 10 11 |
---------------+----------------------------------+-----
Fighting       | 3 4 5 6 7 8 9 |  9.9
Armour         | 1 |  1.4
Dodging        | 3 |  3.1
Maces & Flails | 3 5 7 10 11 13 | 13.7
Stealth        | |  1.1
Unarmed Combat | |  4.6

Action                   |  1- 3 |  4- 6 |  7- 9 | 10-12 || total
-------------------------+-------+-------+-------+-------++-------
Melee: Unarmed           |    61 |    59 |       |       ||   120
       Punch             |       |     4 |     6 |    13 ||    23
       Flail             |       |    27 |   300 |   344 ||   671
       Giant spiked club |       |       |       |     6 ||     6
Invok: Heroism           |       |       |     1 |     3 ||     4
Evoke: Wand              |       |       |       |     7 ||     7
       Deck              |       |       |       |     3 ||     3
  Use: Scroll            |       |       |    17 |     3 ||    20
       Potion            |       |       |     2 |     3 ||     5
 Stab: Sleeping          |     2 |     3 |     2 |     5 ||    12
       Distracted        |       |       |       |     1 ||     1
  Eat: Chunk             |    13 |     2 |    35 |    23 ||    73
       Bread ration      |     1 |       |       |       ||     1
       Meat ration       |       |     1 |       |       ||     1
       Pizza             |       |     1 |       |       ||     1
Armor: Robe              |    22 |    20 |   158 |   109 ||   309
Dodge: Dodged            |    18 |    44 |   248 |   168 ||   478
